[Event "*** Titled Tuesday Blitz"]
[Site "Chess.com"]
[Date "2018.11.06"]
[Round "4"]
[White "PeshkaNavalnogo12"]
[Black "Jenia84"]
[Result "1-0"]
[WhiteElo "2461"]
[BlackElo "2230"]
[TimeControl "180+2"]
[EndTime "13:51:35 PST"]
[Termination "PeshkaNavalnogo12 won by resignation"]

1. c4 Nf6 2. g3 e6 3. Bg2 Be7 4. b3 O-O 5. Bb2 c5 6. e3 Nc6 7. Ne2 b6 8. O-O Bb7 9. Nbc3 d5 10. cxd5 Nxd5 11. Nxd5 exd5 12. d4 cxd4 13. Nxd4 Rc8 14. Nxc6 Bxc6 15. Rc1 Re8 16. Qg4 Bf6 17. Bxf6 Qxf6 18.
Rfd1 Qe6 19. Qh5 g6 20. Qh4 Bb7 21. Bh3 Rxc1 22. Rxc1 Qd6 23. Qa4 Ra8 24. Qd4 h5 25. Bg2 Qa3 26. Rc7 Rb8 27. Bxd5 Bxd5 28. Qxd5 Rf8 29.
Rc2 Qb4 30. h3 a5 31. Kg2 a4 32. Rc4 Qe7 33. Rxa4 Rd8 34. Ra8 Rxa8 35. Qxa8+ Kh7 36. Qd5 Qa7 37. b4 Kg7 38. b5 Qa3 39. Qd4+ Kh7 40.
Qxb6 Qxa2 41. Qc6 Qb1 42. b6 Qb3 43. b7 Kg7 44. h4 Kh7 45. Qc7 Qd5+ 46. Kg1 Qd1+ 47.
Kh2 Qf3 48. Kg1 Qd1+ 49. Kg2 Qd5+ 50. e4 Qxe4+ 51. Kh2 Qf3 52. Qb6 1-0

[Event "*** Titled Tuesday Blitz"]
[Site "Chess.com"]
[Date "2018.11.06"]
[Round "4"]
[White "biostatistician"]
[Black "TomsKantans"]
[Result "1-0"]
[WhiteElo "2656"]
[BlackElo "2493"]
[TimeControl "180+2"]
[EndTime "13:51:39 PST"]
[Termination "biostatistician won by resignation"]

1. d4 Nf6 2. Nf3 g6 3. c4 Bg7 4. Nc3 d5 5. cxd5 Nxd5 6. e4 Nxc3 7. bxc3 c5 8. Be3 Qa5 9. Qd2 O-O 10. Rc1 Rd8 11.
d5 Nc6 12. Be2 e6 13. O-O exd5 14. exd5 Ne7 15. c4 Qxd2 16. Nxd2 b6 17. Ne4 Bf5 18. Bf3 Nc8 19. Bg5 Rd7 20. Rfe1 Bxe4 21.
Rxe4 Nd6 22. Re2 Bd4 23. g3 Kg7 24. Kg2 h6 25. Bf4 g5 26. Bd2 Re8 27. Rxe8 Nxe8 28.
Re1 Nd6 29. Be2 Re7 30. Bd3 Rxe1 31. Bxe1 f5 32. a4 a5 33. Bd2 Kf6 34. f4 g4 35. h3 h5 36. Bc1 Nc8 37. hxg4 hxg4 38. Kf1 Nd6 39. Ke2 Nc8 40. Bd2 Nd6 41. Be1 Nc8 42.
Kd2 Nd6 43. Be2 Ne4+ 44. Kd3 Bf2 45. Bxf2 Nxf2+ 46. Ke3 Ne4 47. Bxg4 Nxg3 48. Bf3 1-0

[Event "*** Titled Tuesday Blitz"]
[Site "Chess.com"]
[Date "2018.11.06"]
[Round "4"]
[White "dmjjmd"]
[Black "kleinebeer98"]
[Result "1-0"]
[WhiteElo "2327"]
[BlackElo "2599"]
[TimeControl "180+2"]
[EndTime "13:51:40 PST"]
[Termination "dmjjmd won by resignation"]

1. e4 e5 2. Nf3 Nc6 3. Bc4 Nf6 4. d3 h6 5. O-O d6 6. Re1 Qe7 7. a4 Be6 8. Bxe6 Qxe6 9. Nc3 g6 10. d4 exd4 11.
Nxd4 Nxd4 12. Qxd4 Bg7 13. Nd5 O-O-O 14. Bd2 Kb8 15.
a5 a6 16. Ra3 Rhe8 17. Nxc7 Kxc7 18. Qb6+ Kb8 19. Rb3 Rd7 20. Be3 Rc7 21. Qxa6 Nxe4 22. Qa7+ Kc8 23. Bb6 Qd5 24. Bxc7 Kxc7 25. a6 Bd4 26.
Rxb7+ Kc6 27. Rc7+ Kb5 28. c4+ Ka5 29. cxd5 Bxa7 30.
Rxa7 Rc8 31. f3 Nd2 32. Ra1+ Kb4 33. Rb7+ Kc5 34. Rc1+ Nc4 35. b3 1-0

[Event "*** Titled Tuesday Blitz"]
[Site "Chess.com"]
[Date "2018.11.06"]
[Round "4"]
[White "731291"]
[Black "Rakhmanov_Aleksandr"]
[Result "0-1"]
[WhiteElo "2571"]
[BlackElo "2869"]
[TimeControl "180+2"]
[EndTime "13:51:44 PST"]
[Termination "Rakhmanov_Aleksandr won by resignation"]

1. e4 c5 2. Nf3 Nf6 3. Nc3 d5 4. Bb5+ Bd7 5. Bxd7+ Qxd7 6. d3 Nc6 7. O-O e6 8. e5 Ng8 9. Ne2 Nge7 10. Ng3 g6 11.
Re1 Bg7 12. h4 h6 13. Bf4 Qc7 14. Qd2 O-O-O 15. a3 Rdg8 16. b4 g5 17. hxg5 hxg5 18. Bxg5 Nxe5 19. Rab1 Nxf3+ 20. gxf3 Bd4 21. Qf4 Qxf4 22.
Bxf4 Ng6 23. Be3 Nh4 24. Kf1 Nxf3 25. Re2 Bxe3 26. Rxe3 Nd2+ 0-1

[Event "*** Titled Tuesday Blitz"]
[Site "Chess.com"]
[Date "2018.11.06"]
[Round "4"]
[White "TrimitziosP7"]
[Black "Godzillator"]
[Result "1-0"]
[WhiteElo "2685"]
[BlackElo "2378"]
[TimeControl "180+2"]
[EndTime "13:51:46 PST"]
[Termination "TrimitziosP7 won by resignation"]

1. Nf3 d5 2. c4 c6 3. e3 Nf6 4.
Nc3 a6 5. d4 Bf5 6. Bd3 Bxd3 7.
Qxd3 e6 8. e4 dxe4 9. Nxe4 Nxe4 10. Qxe4 Bb4+ 11. Bd2 Bxd2+ 12. Nxd2 Nd7 13. O-O Nf6 14. Qe3 O-O 15. b3 Qa5 16. Nf3 Rad8 17. h3 Rd6 18. Qe5 Qa3 19. Rfe1 Rfd8 20. Re2 h6 21.
Rd1 c5 22. Rdd2 cxd4 23. Rxd4 Rxd4 24. Nxd4 Qc1+ 25. Kh2 Qa1 26. Nf3 Qxe5+ 27. Nxe5 Kf8 28. Kg3 Ke7 29. Kf3 Rd1 30. Ke3 Nd7 31. Nd3 f6 32. Rd2 Ra1 33. f4 g5 34. Re2 Kd6 35. fxg5 hxg5 36.
Kd4 Rd1 37. b4 Ne5 38. c5+ Kc6 39. Re3 Kb5 40. a3 Ka4 41. Kc3 Nxd3 42. Rxd3 Rg1 43. Re3 e5 44. Rf3 Rxg2 45. Rxf6 Rg3+ 46. Kc4 Kxa3 47.
Rb6 Rxh3 48. Rxb7 g4 49. c6 Rh1 50. Kd5 Rc1 51. b5 axb5 52. Rxb5 g3 53. Ra5+ Kb4 54. Ra2 Kb3 55. Rg2 Rc3 56. Kd6 e4 57.
c7 Rd3+ 58. Ke5 Kb4 59. c8=Q 1-0

[Event "*** Titled Tuesday Blitz"]
[Site "Chess.com"]
[Date "2018.11.06"]
[Round "4"]
[White "sergiochess83"]
[Black "burbur555"]
[Result "1/2-1/2"]
[WhiteElo "2768"]
[BlackElo "2544"]
[TimeControl "180+2"]
[EndTime "13:51:55 PST"]
[Termination "Game drawn by agreement"]

1. e4 d5 2. exd5 Qxd5 3. Nc3 Qd6 4. d4 Nf6 5. Nf3 c6 6. Ne5 Be6 7. Be2 Nbd7 8. f4 g6 9. O-O Bg7 10. Be3 O-O 11. Qe1 Nb6 12. Rd1 Nbd5 13. Bc1 Nxc3 14.
Qxc3 Rad8 15. Qa5 Qb8 16. c4 Bf5 17. g4 Be4 18. Qe1 Nd7 19. Qh4 Nxe5 20. fxe5 c5 21. Bg5 Rxd4 22. Bxe7 Bxe5 23. Bxc5 Rxd1 24. Rxd1 Re8 25.
Rd7 Bc6 26. Rd3 Bxb2 27. Rh3 h5 28. Qf2 Qe5 29. Re3 Qg5 30. Rxe8+ Bxe8 31. Be3 Qe5 32.
gxh5 gxh5 33. Bxa7 Bc6 34. Qg3+ 1/2-1/2

[Event "*** Titled Tuesday Blitz"]
[Site "Chess.com"]
[Date "2018.11.06"]
[Round "4"]
[White "chessdjw"]
[Black "Alexander_Donchenko"]
[Result "1-0"]
[WhiteElo "2600"]
[BlackElo "2728"]
[TimeControl "180+2"]
[EndTime "13:51:59 PST"]
[Termination "chessdjw won by checkmate"]

1. d4 Nf6 2. c4 d6 3. Nf3 c6 4. Nc3 Bf5 5. Nh4 Bd7 6. e4 e5 7. Nf3 Bg4 8. dxe5 Bxf3 9. gxf3 dxe5 10. Qxd8+ Kxd8 11. f4 Bd6 12. fxe5 Bxe5 13. Bg2 Nbd7 14. f4 Bxc3+ 15. bxc3 Nxe4 16. f5 Re8 17. O-O Ndc5 18.
Bf4 Ke7 19. Rae1 Kf8 20. f6 g5 21. Be3 Nd3 22. Rd1 Rad8 23. Bxa7 Nxc3 24. Rd2 h6 25.
Bb6 Re2 26. Rfd1 Nxd1 27. Rxe2 Re8 28. Rd2 N1b2 29. Bd4 Re1+ 30. Bf1 Rb1 31. Bxb2 Nxb2 32. Rd8# 1-0

[Event "*** Titled Tuesday Blitz"]
[Site "Chess.com"]
[Date "2018.11.06"]
[Round "4"]
[White "woodhy"]
[Black "VerdeNotte"]
[Result "0-1"]
[WhiteElo "2435"]
[BlackElo "2816"]
[TimeControl "180+2"]
[EndTime "13:52:03 PST"]
[Termination "VerdeNotte won by resignation"]

1. e4 c5 2. Nf3 d6 3. g3 Nf6 4. Nc3 Nc6 5. Bg2 e5 6. O-O Be7 7. d3 O-O 8. Bg5 Ne8 9. Bxe7 Nxe7 10.
Nd5 Nxd5 11. exd5 Bg4 12. Qd2 Bxf3 13. Bxf3 f5 14. b4 b6 15. a4 a5 16. bxa5 Rxa5 17. Rfb1 Rf7 18. Rb2 Rfa7 19. Rab1 R7a6 20. Be2 Rxa4 21.
d4 Rxd4 22. Qc3 c4 23. Rb4 Nf6 24. Bxc4 Ra8 25. Bb3 Rc8 26. Qe1 Re4 27. Qd2 Rxb4 28. Qxb4 Qc7 29. Ba4 Qc4 30. Bc6 Qxb4 31. Rxb4 Rb8 32.
Ra4 Kf8 33. Ra7 b5 34. Kf1 b4 35. Ra6 b3 36. cxb3 Rxb3 37. Ba8 Ne4 38. f3 Rxf3+ 39.
Ke2 Rf2+ 40. Ke3 Rxh2 41. g4 Rh3+ 42. Ke2 f4 43. Ra3 Rxa3 0-1

[Event "*** Titled Tuesday Blitz"]
[Site "Chess.com"]
[Date "2018.11.06"]
[Round "4"]
[White "Peroncio"]
[Black "poummba"]
[Result "1/2-1/2"]
[WhiteElo "2628"]
[BlackElo "2405"]
[TimeControl "180+2"]
[EndTime "13:52:04 PST"]
[Termination "Game drawn by agreement"]

1. e4 e5 2. Nf3 Nf6 3. d3 Nc6 4. Be2 d5 5. Nbd2 Bg4 6. O-O Be7 7. c3 O-O 8. b4 d4 9. cxd4 Nxd4 10.
Nxd4 Qxd4 11. Rb1 Bxe2 12. Qxe2 Rad8 13. Rb3 Bxb4 14. Nf3 Qd6 15. Nxe5 Qxe5 16. Rxb4 b6 17. Ra4 a5 18. Bb2 Qb5 19. Rc4 Nd7 20. Rxc7 Nc5 21. Qg4 Qxb2 22. h4 Rxd3 23. h5 Qe5 24. Rc6 Qxe4 25.
Qxe4 Nxe4 26. Rxb6 Ra3 27. Re1 Nc3 28. Re3 Rc8 29.
Rc6 Rd8 30. Rexc3 Rxa2 31. Rf3 h6 32. Rc7 Rf8 33. Ra7 a4 34. Rg3 Ra1+ 35. Kh2 Re8 36. Rf3 Rf8 37. g4 a3 38. Rfxa3 Rxa3 39. Rxa3 Rd8 40. Kg3 Rd5 41. Ra8+ Kh7 42. Ra7 f5 43. f3 fxg4 44. fxg4 Rb5 45. Rf7 Rc5 46. Ra7 Rb5 47. Kh4 Rc5 48. Rb7 Ra5 1/2-1/2

[Event "*** Titled Tuesday Blitz"]
[Site "Chess.com"]
[Date "2018.11.06"]
[Round "4"]
[White "BillForster"]
[Black "Perecke"]
[Result "0-1"]
[WhiteElo "1699"]
[BlackElo "1986"]
[TimeControl "180+2"]
[EndTime "13:52:04 PST"]
[Termination "Perecke won by resignation"]

1. d4 d5 2. c4 e6 3. Nc3 Nf6 4. cxd5 exd5 5. Bg5 Be7 6. e3 h6 7. Bh4 O-O 8. Bd3 c6 9. Qc2 Re8 10. Nf3 Ne4 11. Bxe7 Qxe7 12. O-O Bf5 13. Rab1 Nd7 14. b4 Ndf6 15. b5 Rab8 16. bxc6 bxc6 17. Ne5 Qa3 18.
Nxe4 dxe4 19. Bc4 Be6 20. Nxc6 Rbc8 21. Ne5 Bxc4 22. Nxc4 Qa6 23. Rfc1 Rc7 24. Qb3 Rec8 25. Qb4 Rxc4 26. Rxc4 Qxc4 27. Qxc4 Rxc4 28. Rb8+ Kh7 0-1

[Event "*** Titled Tuesday Blitz"]
[Site "Chess.com"]
[Date "2018.11.06"]
[Round "4"]
[White "OK97"]
[Black "MITerryble"]
[Result "1/2-1/2"]
[WhiteElo "2743"]
[BlackElo "2755"]
[TimeControl "180+2"]
[EndTime "13:52:05 PST"]
[Termination "Game drawn by repetition"]

1. Nf3 Nf6 2. c4 e6 3. g3 b6 4.
Bg2 Bb7 5. O-O g6 6. d4 Bg7 7.
Nc3 Ne4 8. Nxe4 Bxe4 9. Bg5 f6 10.
Be3 O-O 11. Qd2 Nc6 12. Rfd1 Ne7 13. Bh6 Qc8 14. Bxg7 Kxg7 15. Rac1 Qb7 16. h4 h6 17. c5 Rac8 18. Ne1 Bxg2 19. Nxg2 g5 20. Qd3 Ng6 21. h5 Ne7 22. e4 c6 23. Ne3 b5 24.
a4 bxa4 25. Nc4 Qb4 26. Nd6 Rb8 27. Rd2 Nc8 28. Rc4 Qb3 29. Rc3 Qb4 30. Rc4 Qb3 31. Rc3 Qb4 32. Rc4 1/2-1/2

[Event "*** Titled Tuesday Blitz"]
[Site "Chess.com"]
[Date "2018.11.06"]
[Round "4"]
[White "NemtsevIgor"]
[Black "Koksik_13"]
[Result "0-1"]
[WhiteElo "2385"]
[BlackElo "2704"]
[TimeControl "180+2"]
[EndTime "13:52:05 PST"]
[Termination "Koksik_13 won by resignation"]

1. e4 e6 2. d4 d5 3. Be3 dxe4 4.
f3 Nf6 5. Nc3 b6 6. fxe4 Bb7 7.
Bd3 Bb4 8. Nf3 Nxe4 9. O-O Nf6 10. Ne5 Nbd7 11. Qe2 Bxc3 12. bxc3 Nxe5 13. dxe5 Nd5 14. Rad1 Qh4 15. Bf2 Qg5 16. Be4 Nxc3 17. Qd3 Bxe4 18.
Qd7+ Kf8 19. Bg3 Ne2+ 20. Kh1 Nxg3+ 21. hxg3 Qe7 22. Qd4 Bb7 23. Rf4 Kg8 24. Rdf1 Rf8 25. Qf2 h5 26. Qe3 h4 27. g4 h3 0-1

[Event "*** Titled Tuesday Blitz"]
[Site "Chess.com"]
[Date "2018.11.06"]
[Round "4"]
[White "Adham_Fawzy"]
[Black "wadsy27"]
[Result "1-0"]
[WhiteElo "2652"]
[BlackElo "2350"]
[TimeControl "180+2"]
[EndTime "13:52:09 PST"]
[Termination "Adham_Fawzy won on time"]

1. e4 c5 2. Nf3 e6 3. d4 cxd4 4. Nxd4 Nc6 5. Nc3 Qc7 6. Be3 a6 7. Qd2 Nf6 8. O-O-O Be7 9. f3 O-O 10. g4 b5 11. h4 Bb7 12. Kb1 b4 13. Na4 d5 14. g5 Nh5 15. exd5 Nxd4 16. Bxd4 Bxd5 17. Nb6 Rad8 18. Qe3 Bb7 19. Bd3 g6 20. Nc4 Rd5 21. Ne5 Bc5 22. Bxc5 Rxe5 23. Bb6 Rxe3 24. Bxc7 Bxf3 25.
Rh3 Bxd1 26. Rxe3 Rc8 27. Be5 a5 28. c3 bxc3 29. Bxc3 Bg4 30. Bxa5 Ng7 31. Bc3 Bf5 32. a4 Bxd3+ 33. Rxd3 Nf5 34. a5 Ne7 35. Rd7 Nd5 36. a6 Nb6 37. Rb7 1-0

[Event "*** Titled Tuesday Blitz"]
[Site "Chess.com"]
[Date "2018.11.06"]
[Round "4"]
[White "abubakrtagelsir"]
[Black "wonderfultime"]
[Result "0-1"]
[WhiteElo "2363"]
[BlackElo "2811"]
[TimeControl "180+2"]
[EndTime "13:52:13 PST"]
[Termination "wonderfultime won by resignation"]

1. e4 c5 2. Nc3 Nc6 3. f4 g6 4. Nf3 Bg7 5. Bb5 Nd4 6. O-O e6 7. d3 Ne7 8. Nxd4 cxd4 9. Ne2 O-O 10. Ba4 d6 11. Qe1 Bd7 12. Bb3 b5 13. Qf2 Qb6 14. a3 Rac8 15. Kh1 Qc5 16. Bd2 Kh8 17. Bb4 Qb6 18. e5 Nf5 19. Ng3 Ne3 20. Rfe1 dxe5 21. Bxf8 Rxf8 22. fxe5 Bxe5 23. c3 Bc6 24. Ne4 Kg7 25.
cxd4 Bxd4 26. Rxe3 Bxe3 27. Qf6+ Kg8 28. Rf1 Bxe4 29. dxe4 Bd4 30. e5 Bxb2 31. h4 Qd8 32. a4 bxa4 33. Bxa4 Bxe5 34. Qxd8 Rxd8 35. g4 Rd4 36.
Bd1 a5 37. Bf3 a4 38. Rf2 a3 39. Ra2 Rd3 40. Kg2 Bb2 41. h5 Kg7 42. hxg6 hxg6 0-1

[Event "*** Titled Tuesday Blitz"]
[Site "Chess.com"]
[Date "2018.11.06"]
[Round "4"]
[White "Superfelix"]
[Black "FMJoseHerrera"]
[Result "1-0"]
[WhiteElo "2419"]
[BlackElo "2509"]
[TimeControl "180+2"]
[EndTime "13:52:14 PST"]
[Termination "Superfelix won on time"]

1. e4 c5 2. Nf3 e6 3. g3 b6 4.
Bg2 Bb7 5. d3 Qc7 6. O-O d6 7. a4 a6 8. Nbd2 Nd7 9. Nc4 Ngf6 10. c3 Be7 11. h3 Rc8 12. Re1 O-O 13. Kh2 Rfe8 14. Bg5 h6 15. Bf4 g5 16. Bc1 Ne5 17.
Nfxe5 dxe5 18. f4 exf4 19. gxf4 gxf4 20. Bf3 e5 21. Rg1+ Kh8 22. Bd2 Rg8 23. Qe2 b5 24. axb5 axb5 25. Na3 b4 26. Nc4 Rcd8 27. Rxg8+ Rxg8 28. Qf2 Bc8 29. Rg1 Rxg1 30. Qxg1 Qd7 31. Qf1 Bd6 32.
Bg2 Nh7 33. d4 cxd4 34. cxd4 Ba6 35. b3 exd4 36. Bxf4 Bxc4 37. bxc4 Qc7 38. Bxd6 Qxd6+ 39. Kh1 d3 40. Qa1+ Nf6 41. e5 Qe6 42. exf6 d2 43.
Qa8+ 1-0

[Event "*** Titled Tuesday Blitz"]
[Site "Chess.com"]
[Date "2018.11.06"]
[Round "4"]
[White "TigranLPetrosyan"]
[Black "SergeiAza"]
[Result "1-0"]
[WhiteElo "2831"]
[BlackElo "2803"]
[TimeControl "180+2"]
[EndTime "13:52:17 PST"]
[Termination "TigranLPetrosyan won by resignation"]

1. Nf3 Nf6 2. g3 b6 3. Bg2 Bb7 4. d3 c5 5. e4 d6 6. O-O Nc6 7. Re1 e6 8. Nc3 Be7 9. e5 dxe5 10. Nxe5 Qc8 11. Qf3 Na5 12. Ne4 O-O 13. Qe2 Nc6 14. Nxc6 Bxc6 15. Bg5 Nxe4 16. Bxe7 Re8 17. dxe4 Rxe7 18. Rad1 e5 19. Rd6 Qc7 20. Red1 Rd7 21. Rxd7 Bxd7 22. Qd3 Be6 23. h4 h6 24. Kh2 c4 25.
Qc3 Rd8 26. Rxd8+ Qxd8 27. Qxe5 Qd2 28. f4 Bg4 29. Qc3 Qxc3 30. bxc3 Bd1 31. e5 Bxc2 32. Kg1 b5 33. Kf2 a5 34. a3 b4 35. cxb4 axb4 36.
axb4 c3 37. Ke3 Ba4 38. Kd3 c2 39. Kd2 Kf8 40. Be4 Ke7 41. Bxc2 1-0

[Event "*** Titled Tuesday Blitz"]
[Site "Chess.com"]
[Date "2018.11.06"]
[Round "4"]
[White "xpto15"]
[Black "AsaHoffmann"]
[Result "0-1"]
[WhiteElo "1303"]
[BlackElo "2062"]
[TimeControl "180+2"]
[EndTime "13:52:17 PST"]
[Termination "AsaHoffmann won by resignation"]

1. e4 d6 2. d4 Nf6 3. Nc3 c6 4. Nf3 Bg4 5. h3 Bh5 6. g4 Bg6 7. Bd3 e6 8. Qe2 d5 9. e5 Nfd7 10. Bxg6 hxg6 11. Bf4 a6 12. h4 c5 13. h5 Nc6 14.
dxc5 Bxc5 15. Rd1 Qa5 16. Kf1 O-O-O 17. a3 Qc7 18. Kg2 gxh5 19. gxh5 f6 20. b4 Ba7 21. b5 Ncxe5 22. bxa6 Qxc3 23. axb7+ Kxb7 24. Rb1+ Bb6 25. Rb3 Qc4 26. Qe3 Nc5 27. Rxb6+ Kxb6 28. Rb1+ Ka6 29. Rb4 Qxc2 30. Bxe5 fxe5 31. Nxe5 Rxh5 32. Qf4 Rf5 33. Qg3 Rdf8 34. Ng4 Ne4 35. Qe3 Rxf2+ 36.
Kh3 R2f3+ 0-1

[Event "*** Titled Tuesday Blitz"]
[Site "Chess.com"]
[Date "2018.11.06"]
[Round "4"]
[White "mouseWLZ"]
[Black "sandager"]
[Result "1-0"]
[WhiteElo "2248"]
[BlackElo "2124"]
[TimeControl "180+2"]
[EndTime "13:52:18 PST"]
[Termination "mouseWLZ won by resignation"]

1. e4 e5 2. Nf3 Nc6 3. Bc4 Bc5 4. c3 Nf6 5. d3 d6 6. h3 h6 7. Nbd2 O-O 8. Nf1 Bb6 9. Ng3 Re8 10. Bb3 Ne7 11. Nh2 Ng6 12. Ng4 Be6 13. Qf3 Nh4 14. Nxf6+ Qxf6 15. Qxf6 gxf6 16. Bxh6 Nxg2+ 17. Ke2 Nf4+ 18.
Bxf4 exf4 19. Nh5 Red8 20. Rag1+ Kf8 21. Nxf6 Bxb3 22. axb3 c6 23. h4 Ke7 24. Nh5 a5 25. Nxf4 a4 26. bxa4 Rxa4 27. h5 Ra2 28. Rb1 f5 29. h6 fxe4 30. h7 exd3+ 31. Kxd3 Bxf2 32. h8=Q Rxh8 33. Rxh8 b5 34. Rh7+ Kf6 35. Rd7 Ke5 36.
Ne2 c5 37. Rb7 c4+ 38. Kc2 Ra5 39. Rf1 Bc5 40. Nf4 Ra7 41. Rxa7 Bxa7 42. Ne2 Be3 1-0

[Event "*** Titled Tuesday Blitz"]
[Site "Chess.com"]
[Date "2018.11.06"]
[Round "4"]
[White "ZeroRealtorFade"]
[Black "novocane"]
[Result "1-0"]
[WhiteElo "2227"]
[BlackElo "2166"]
[TimeControl "180+2"]
[EndTime "13:52:21 PST"]
[Termination "ZeroRealtorFade won by resignation"]

1. d4 Nf6 2. Bf4 e6 3. e3 c5 4. c3 Be7 5. Nd2 b6 6. Ngf3 Bb7 7. Bd3 cxd4 8. exd4 d6 9. O-O O-O 10. Re1 Nc6 11. Ne4 Re8 12. Neg5 h6 13. Ne4 Rb8 14. Qd2 Nxe4 15. Bxe4 Bf8 16. Bc2 Ne7 17. Qd3 g6 18. Ba4 Bc6 19. Bxc6 Nxc6 20. Qd2 Kh7 21. Bg3 Ne7 22.
Bf4 Qd7 23. Qd3 Bg7 24. h4 b5 25. h5 Nd5 26. Bd2 Nf6 27. hxg6+ fxg6 28. Nh4 Qf7 29. Re3 b4 30. Rg3 Rf8 31. Nxg6 1-0

[Event "*** Titled Tuesday Blitz"]
[Site "Chess.com"]
[Date "2018.11.06"]
[Round "4"]
[White "ChessicallyInclined"]
[Black "CarlssonLudvig"]
[Result "0-1"]
[WhiteElo "2380"]
[BlackElo "2268"]
[TimeControl "180+2"]
[EndTime "13:52:21 PST"]
[Termination "CarlssonLudvig won by resignation"]

1. e4 e5 2. Nf3 Nc6 3. Bb5 Bb4 4. c3 Ba5 5. a4 a6 6. Bxc6 dxc6 7. b4 Bb6 8. a5 Ba7 9. Nxe5 Qg5 10. d4 Qxg2 11. Qf3 Qxf3 12. Nxf3 Nf6 13. Nbd2 O-O 14. Ke2 Re8 15. Kd3 Bg4 16. Ne5 Be6 17. f3 Rad8 18. Kc2 Nd7 19. Nd3 Ra8 20. Nb3 b6 21. axb6 Bxb6 22. Na5 Bxa5 23. Rxa5 Bc4 24. Bf4 Rac8 25. Nc5 Nxc5 26. Rxc5 Be2 27. e5 Bxf3 28. Re1 f5 29. Ra1 Ra8 30. Rg1 Kf7 31. Rg3 Be4+ 32.
Kb3 Re6 33. h4 Rg6 34. Rxg6 Kxg6 35. c4 Kh5 36. Bg5 h6 37. Be7 Re8 38. Bd6 cxd6 39.
exd6 Rd8 40. Ra5 Rxd6 41. Rxa6 Rxd4 42. b5 cxb5 43. cxb5 Bd3 44. Ra5 Rd5 45. Kc3 Rxb5 46. Ra7 Be4 47. Rxg7 Kxh4 48. Kd4 Rb3 49. Ke5 h5 50.
Rg1 Rg3 51. Rf1 Kg4 52. Rf4+ Kg5 0-1

[Event "*** Titled Tuesday Blitz"]
[Site "Chess.com"]
[Date "2018.11.06"]
[Round "4"]
[White "m3alam"]
[Black "DonPreuss"]
[Result "1-0"]
[WhiteElo "2129"]
[BlackElo "2114"]
[TimeControl "180+2"]
[EndTime "13:52:21 PST"]
[Termination "m3alam won by resignation"]

1. d4 Nc6 2. Nf3 d6 3. d5 Ne5 4. Nxe5 dxe5 5. e4 e6 6. dxe6 Bxe6 7. Bd3 Nf6 8. O-O Bc5 9. Nd2 h6 10. Nf3 Bg4 11. h3 Bh5 12. g4 Nxg4 13. hxg4 Bxg4 14.
Kg2 Qf6 15. Be3 Bb6 16. Qe2 h5 17. Bxb6 axb6 18. Qe3 Rh6 19. Nh2 Rg6 20. Kh1 O-O-O 21.
f3 Bh3 22. Rg1 Qh4 23. Rxg6 fxg6 24. Rg1 Rf8 25. Qg5 Qf2 26. Qg3 Qxg3 27. Rxg3 Be6 28.
Rxg6 Bxa2 29. b3 Rf7 30. Kg2 c6 31. Nf1 Rd7 32. Bc4 Kc7 33. Kf2 Bb1 34. Ne3 Rd2+ 35. Be2 Bxc2 36. Nxc2 Rxc2 37. Rxg7+ Kd6 38. Rg6+ Kc5 39.
Re6 Kd4 40. Rd6+ Kc5 41. Rd7 Rb2 42. Rxb7 Rxb3 43. Rh7 Kd4 44. Rxh5 c5 45. Rh8 c4 46. Rd8+ Kc3 47. Rd5 b5 48. Rxe5 Kb2 49. Bd1 Rd3 50.
Rxb5+ Kc3 51. Be2 Rd2 52. Rc5 Kd4 53. Rxc4+ Ke5 54. Rc5+ Kd4 1-0

[Event "*** Titled Tuesday Blitz"]
[Site "Chess.com"]
[Date "2018.11.06"]
[Round "4"]
[White "BIG_Pirate"]
[Black "WorldChampionBulletChess"]
[Result "1-0"]
[WhiteElo "2392"]
[BlackElo "2184"]
[TimeControl "180+2"]
[EndTime "13:52:22 PST"]
[Termination "BIG_Pirate won by resignation"]

1. Nf3 d5 2. c4 c6 3. g3 Nf6 4. Bg2 g6 5. O-O Bg7 6. cxd5 cxd5 7. d4 O-O 8. Nc3 Nc6 9. Ne5 Nd7 10. Nxc6 bxc6 11.
Na4 Nb6 12. Nc5 e5 13. dxe5 Bxe5 14. Nd3 Bg7 15. Bf4 Nc4 16. Rc1 Bb7 17. b3 Nd6 18. Nc5 Bc8 19. Qd2 Re8 20. Rfd1 Qe7 21. Qb4 a5 22. Qb6 g5 23. Qxc6 gxf4 24. Qxa8 fxg3 25. hxg3 Bh3 26. Qxd5 Bxg2 27. Kxg2 Nb5 28. Qd3 Nc7 29.
e3 h5 30. Rc4 Rf8 31. Qd7 Qf6 32. Qxc7 Bh6 1-0

[Event "*** Titled Tuesday Blitz"]
[Site "Chess.com"]
[Date "2018.11.06"]
[Round "4"]
[White "PrascaR"]
[Black "BilodeauA"]
[Result "0-1"]
[WhiteElo "2540"]
[BlackElo "2835"]
[TimeControl "180+2"]
[EndTime "13:52:26 PST"]
[Termination "BilodeauA won by resignation"]

1. e4 c5 2. Nf3 Nc6 3. Nc3 d6 4. d4 cxd4 5. Nxd4 Nf6 6. g3 g6 7. Nde2 Bg7 8. Bg2 O-O 9. O-O Bd7 10. h3 Rb8 11. a4 a6 12. Kh2 b5 13. axb5 axb5 14.
Nd5 b4 15. Ra2 Ra8 16. Rxa8 Qxa8 17. b3 Qa2 18. Nef4 Nxd5 19. Nxd5 Be6 20. Bd2 Rc8 21.
Ne3 h5 22. Qb1 Qxb1 23. Rxb1 Nd4 24. Bxb4 Nxc2 25. Nxc2 Rxc2 26. Be1 Bd4 27. Kg1 Bb6 28. b4 Bc4 29. h4 e5 30. Bf1 Be6 31. Bd3 Ra2 32.
Kf1 Kf8 33. Be2 Bh3+ 34. Kg1 Rxe2 35. b5 Be6 36. Rc1 Rxe4 0-1

[Event "*** Titled Tuesday Blitz"]
[Site "Chess.com"]
[Date "2018.11.06"]
[Round "4"]
[White "Durarbayli"]
[Black "Mikhail_Golubev"]
[Result "0-1"]
[WhiteElo "2691"]
[BlackElo "2439"]
[TimeControl "180+2"]
[EndTime "13:52:26 PST"]
[Termination "Mikhail_Golubev won by checkmate"]

1. Nf3 d6 2. e4 c5 3. d4 cxd4 4. Nxd4 Nf6 5. Nc3 g6 6. Be3 Bg7 7. f3 a6 8. Qd2 h5 9. O-O-O Nbd7 10. Bc4 b5 11. Bd5 Nxd5 12. Nxd5 Bb7 13. Bg5 Nf6 14.
Nxf6+ exf6 15. Bf4 O-O 16. Nb3 f5 17. exf5 Qf6 18.
Nd4 Rfe8 19. Bg5 Qe5 20. h4 Rac8 21. Rhe1 Qd5 22. f6 Qxa2 23. Rxe8+ Rxe8 24. Nb3 Bf8 25. Re1 Rc8 26. Qd3 a5 27. Qxb5 Bc6 28. Qxa5 Ba4 29.
Qa6 Rxc2+ 30. Kxc2 Bxb3+ 31. Kc3 Qxa6 32. Kxb3 d5 33. Rc1 d4 34. Rd1 Qe6+ 35. Kc2 Qc4+ 36. Kd2 Bb4# 0-1

[Event "*** Titled Tuesday Blitz"]
[Site "Chess.com"]
[Date "2018.11.06"]
[Round "4"]
[White "dreamist"]
[Black "Malev212"]
[Result "1-0"]
[WhiteElo "2686"]
[BlackElo "2610"]
[TimeControl "180+2"]
[EndTime "13:52:30 PST"]
[Termination "dreamist won by resignation"]

1. e4 g6 2. d4 Bg7 3. Nc3 d6 4. f4 Nf6 5. Nf3 O-O 6. Bd3 c5 7. d5 b5 8. Nxb5 c4 9. Bxc4 Nxe4 10. Qe2 Qa5+ 11. c3 a6 12. Nbd4 Nf6 13. O-O Re8 14. b4 Qc7 15. Bb3 Qxc3 16. Bd2 Qc7 17. Rac1 Qb6 18.
Kh1 Bb7 19. f5 Bxd5 20. fxg6 hxg6 21. Ba4 Nbd7 22. Nc6 e5 23. a3 Rac8 24. Ne7+ Rxe7 25. Rxc8+ Nf8 26. Bg5 Be6 27. Rcc1 N8h7 28. Be3 Qb7 29. Bc6 Qc8 30. Ng5 Nxg5 31. Bxg5 Rc7 32. Bf3 Nd5 33. Rxc7 Qxc7 34. Qxa6 Nf4 35. Qc6 Qa7 36.
Bxf4 exf4 37. Qa8+ Qxa8 38. Bxa8 1-0

[Event "*** Titled Tuesday Blitz"]
[Site "Chess.com"]
[Date "2018.11.06"]
[Round "4"]
[White "Barcelona_Guy"]
[Black "gmcorrales"]
[Result "0-1"]
[WhiteElo "2474"]
[BlackElo "2732"]
[TimeControl "180+2"]
[EndTime "13:52:30 PST"]
[Termination "gmcorrales won by resignation"]

1. d4 c6 2. e4 d5 3. Nd2 dxe4 4. Nxe4 Bf5 5. Ng3 Bg6 6. Bc4 e6 7. N1e2 Bd6 8. Be3 Nf6 9. Nf4 O-O 10. Nxg6 hxg6 11.
Qe2 Nbd7 12. O-O-O b5 13. Bd3 Qa5 14. Kb1 Nb6 15.
h4 Nfd5 16. h5 Na4 17. Bd2 Bb4 18. hxg6 Bxd2 19. Ne4 Bh6 20. gxf7+ Rxf7 21. Ka1 Qb4 22. c3 Qe7 23. g3 Kf8 24. Rh5 Ke8 25. Re5 Kd7 26. Nc5+ Nxc5 27. dxc5 Qxc5 28. Rxe6 Rxf2 29. Qe5 Raf8 30. Bxb5 Qxb5 31. c4 Qxb2+ 32. Qxb2 Rxb2 33. cxd5 Rd2 34. Rxd2 Bxd2 35. Rxc6 Rb8 36. a4 Bg5 37.
Ka2 Bf6 38. Ra6 Bd4 39. Re6 Rb2+ 40. Ka3 Rg2 41. Rg6 Bf6 42. Kb4 Kd6 43. Kc4 Rc2+ 44.
Kb4 Rd2 45. Rg4 Rd4+ 46. Rxd4 Bxd4 47. Kc4 Be5 48. g4 g5 49. a5 0-1